 Dungeon Crawl Stone Soup version 0.16.1-18-g436b03c (webtiles) character file.

11702 hemol the Protected (level 11, -28/97 HPs)
             Began as a Minotaur Fighter on Apr 25, 2015.
             Was a High Priest of the Shining One.
             Annihilated by a stone giant (35 damage)
             ... on level 2 of the Orcish Mines on Apr 26, 2015.
             The game lasted 03:18:51 (9993 turns).

hemol the Protected (Minotaur Fighter)              Turns: 9993, Time: 03:18:52

Health: -28/97     AC: 18    Str: 20 (21) XL:     11   Next: 52%
Magic:  3/4        EV: 14    Int:  2 (5)  God:    the Shining One [*****.]
Gold:   1041       SH:  0    Dex: 16      Spells: 0 memorised, 10 levels left

rFire  . . .     SeeInvis .     P - +3 halberd (antimagic)
rCold  + . .     Rnd*Rage +     S - +5 ring mail of the Lost Wishes {rC+ MR+ Str-4 Dex+4}
rNeg   + + .     SustAb   .     (no shield)
rPois  .         Gourm    .     f - +0 hat
rElec  .         Spirit   .     p - +0 cloak
rCorr  .         Warding  .     t - +0 pair of gloves
rMut   .         Stasis   .     E - +0 pair of boots
MR     +....                    q - amulet of inaccuracy (curse)
Stlth  +.........               O - +3 ring of strength
                                Z - +1 ring of protection

@: glowing, somewhat resistant to hostile enchantments, very unstealthy
A: retaliatory headbutt, horns 2, berserk 1, deterioration 1, MP-powered wands 1
a: Divine Shield, Cleansing Flame, Summon Divine Warrior, Renounce Religion


You were on level 2 of the Orcish Mines.
You worshipped the Shining One.
The Shining One was extremely pleased with you.
You were not hungry.

You visited 3 branches of the dungeon, and saw 15 of its levels.
You also visited: Ossuary.

You collected 1332 gold pieces.
You spent 291 gold pieces at shops.

Inventory:

Hand weapons
 a - a +0 trident
 M - a +0 glaive
 P - a +3 antimagic halberd (weapon)
Armour
 b - a +1 plate armour
 c - a +0 shield
 f - a +0 hat (worn)
 p - a +0 cloak (worn)
 t - a +0 pair of gloves (worn)
 w - a +3 chain mail
 E - a +0 pair of boots (worn)
 J - a +1 scale mail of cold resistance
 K - a +1 plate armour of fire resistance
 N - a +0 animal skin
 S - the +5 ring mail of the Lost Wishes (worn) {rC+ MR+ Str-4 Dex+4}
   (You found it on level 8 of the Dungeon)

   It affects your strength (-4).
   It affects your dexterity (+4).
   It protects you from cold.
   It affects your resistance to hostile enchantments.
Jewellery
 q - a cursed amulet of inaccuracy (around neck)
 s - an uncursed ring of teleport control
 u - an uncursed amulet of warding
 O - a +3 ring of strength (right hand)
 Q - an uncursed ring of fire
 Z - a +1 ring of protection (left hand)
Magical devices
 g - a wand of polymorph (18)
 r - a wand of flame (9)
 C - a wand of paralysis (14)
 D - a wand of lightning (4)
 F - a wand of polymorph (8)
 Y - a wand of fire (9)
Scrolls
 l - 2 scrolls of enchant weapon
 m - 7 scrolls of remove curse
 o - 3 scrolls of identify
 x - a scroll of enchant armour
 y - a scroll of blinking
 B - 2 scrolls of teleportation
 G - a scroll of immolation
 I - a scroll of silence
Potions
 e - a potion of might
 h - a potion of agility
 i - 3 potions of invisibility
 j - 4 potions of brilliance
 k - a potion of curing
 n - 3 potions of heal wounds
 z - a potion of flight
 H - 2 potions of restore abilities
 T - a potion of cancellation
 V - a potion of experience
Miscellaneous
 U - a legendary deck of defence {Damnation}
 X - a phial of floods
Comestibles
 d - 11 bread rations
 A - 5 meat rations
 L - 4 fruits
 W - 4 beef jerkies


   Skills:
 + Level 9.3 Fighting
 * Level 12.4 Polearms
 * Level 12.6 Armour
 + Level 5.0 Dodging
 - Level 4.0 Shields
 + Level 4.6 Invocations
 + Level 4.9 Evocations


You had 10 spell levels left.
You didn't know any spells.

Dungeon Overview and Level Annotations

Branches:
Dungeon (11/15)            Temple (1/1) D:6            Lair (0/8) D:9
    Orc (3/4) D:11
    Elf: Orc:3-4

Altars:
Ashenzari
Elyvilon
Gozag
Nemelex Xobeh
Sif Muna
Trog
Xom
Yredelemnul
Zin
The Shining One

Shops:
D:10 *   Orc:1 *


Innate Abilities, Weirdness & Mutations

You reflexively headbutt those who attack you in melee.
You have a pair of horns on your head.
You tend to lose your temper in combat.
Your body is slowly deteriorating.
You expend magic power (3 MP) to slightly strengthen your wands.


Message History

* * * LOW HITPOINT WARNING * * *
You feel much better. The stone giant barely misses you.
You puncture the stone giant! You headbutt the stone giant.
The stone giant is severely wounded.
You hit the stone giant but do no damage.
The stone giant is severely wounded.
The stone giant hits you!
You puncture the stone giant!
The stone giant is severely wounded.
The stone giant hits you!!
* * * LOW HITPOINT WARNING * * *
You see here a large rock.
You see here a large rock.
The stone giant closely misses you.
There is a stone staircase leading up here.
The stone giant hits you but does no damage.
You climb upwards.
There is a stone staircase leading down here.
The stone giant hits you!!
You die...

###.....###.#....#...#....
##.......[#####............
#........#.#.###.#..#......
##.......)....# ...#......
###.#.......## #......).#
#####......####..#..).#
##........##...#.#..##
#........<.##........#
#####...@..#..##....#....
##.##.....C.....#....#....
#.......(.><([.).#..###...
##.#.......#....##### ##.#
####.....###.### ###
####### ###


You could see a stone giant.

Vanquished Creatures
  Harold (D:10)
  The ghost of SaintRoka the Cleaver, a powerful HOCj of Cheibriados (D:11)
  The ghost of Kostja the Sneak, a powerful VSEn of Nemelex Xobeh (D:11)
  Nergalle (D:11)
  2 hill giants
  3 trolls
  A spriggan (D:7)
  3 hungry ghosts
  2 wargs
  16 orc warriors
  A sky beast (D:11)
  5 ice beasts
  2 black bears
  A necrophage (D:8)
  9 ogres
  2 centaurs
  2 phantoms
  A big kobold (D:8)
  A gnoll sergeant (D:7)
  2 giant frogs (D:6)
  4 scorpions
  3 troll zombies (D:11)
  5 wights (D:11)
  2 centaur zombies
  5 crimson imps
  2 jellies
  2 hounds
  A giant frog zombie (D:9)
  A quasit (D:8)
  5 goliath beetles
  A giant frog skeleton (D:7)
  19 orc priests
  3 iguanas
  16 orc wizards
  6 worker ants
  A big kobold zombie (Ossuary)
  5 ogre zombies (D:11)
  6 mummies
  9 gnolls (D:7)
  11 adders
  4 shadow imps
  7 worms
  2 giant mites
  An adder skeleton (D:4)
  7 giant geckos
  131 orcs
  9 bats
  A bat skeleton (D:8)
  6 giant cockroaches
  17 hobgoblins
  10 jackals
  6 quokkas
  2 ball pythons
  A ball python zombie (D:6)
  A giant newt (D:1)
  A giant spore (D:8)
  19 goblins
  2 goblin skeletons (D:11)
  A goblin zombie (D:11)
  A hobgoblin skeleton (D:11)
  4 hobgoblin zombies
  15 kobolds
  A kobold zombie (Ossuary)
  2 orc skeletons (D:11)
  18 orc zombies
  15 rats
  A spectral orc (D:8)
449 creatures vanquished.

Notes
Turn   | Place    | Note
--------------------------------------------------------------
     0 | D:1      | hemol, the Minotaur Fighter, began the quest for the Orb.
     0 | D:1      | Reached XP level 1. HP: 19/19 MP: 1/1
   104 | D:1      | Reached skill level 4 in Shields
   141 | D:1      | Reached XP level 2. HP: 27/27 MP: 1/1
   584 | D:1      | Reached XP level 3. HP: 33/33 MP: 2/2
  1166 | D:2      | Reached XP level 4. HP: 3/40 MP: 2/2
  1465 | D:3      | Reached skill level 5 in Armour
  1557 | D:3      | Reached XP level 5. HP: 30/47 MP: 2/2
  1723 | D:3      | HP: 2/47 [orc priest/divine providence (12)]
  2053 | D:4      | Reached skill level 5 in Polearms
  2372 | D:4      | Reached XP level 6. HP: 49/55 MP: 3/3
  2417 | D:4      | Reached skill level 5 in Fighting
  2417 | D:4      | Reached skill level 6 in Armour
  2523 | D:4      | Noticed an ice beast
  2550 | D:4      | Killed an ice beast
  2569 | D:4      | Found a sparkling altar of Nemelex Xobeh.
  2965 | D:5      | Entered Level 5 of the Dungeon
  3098 | D:5      | Found a sand-covered staircase.
  3103 | Ossuary  | Entered an ossuary
  3191 | Ossuary  | Reached XP level 7. HP: 61/61 MP: 3/3
  3302 | Ossuary  | Noticed BobbyTwoHands' ghost (average HaAM)
  3792 | D:6      | Reached skill level 7 in Armour
  3942 | D:6      | Found a staircase to the Ecumenical Temple.
  3969 | Temple   | Entered the Ecumenical Temple
  3982 | Temple   | Became a worshipper of the Shining One
  4070 | D:6      | Reached XP level 8. HP: 26/70 MP: 3/3
  4257 | D:6      | Found an opulent altar of Gozag.
  4259 | D:6      | Reached skill level 8 in Armour
  4346 | D:6      | Found a shimmering altar of Xom.
  4536 | D:7      | Acquired the Shining One's first power
  4885 | D:7      | Reached skill level 9 in Armour
  5090 | D:7      | Reached XP level 9. HP: 79/79 MP: 1/4
  5593 | D:8      | Reached skill level 10 in Armour
  5759 | D:8      | Got a transparent ring mail
  5770 | D:8      | Identified the +5 ring mail of the Lost Wishes {rC+ MR+ Str-4 Dex+4} (You found it on level 8 of the Dungeon)
  5847 | D:8      | Reached skill level 1 in Evocations
  5870 | D:8      | Reached skill level 1 in Dodging
  5879 | D:8      | Reached skill level 1 in Invocations
  5919 | D:8      | Reached skill level 10 in Polearms
  6073 | D:8      | Acquired the Shining One's second power
  6196 | D:8      | Found a basalt altar of Yredelemnul.
  6255 | D:9      | Found a bloodstained altar of Trog.
  6257 | D:9      | Found a glowing silver altar of Zin.
  6258 | D:9      | Found a shattered altar of Ashenzari.
  6652 | D:8      | Reached XP level 10. HP: 56/88 MP: 2/7
  6808 | D:9      | Reached skill level 11 in Armour
  6831 | D:9      | Found a deep blue altar of Sif Muna.
  6838 | D:9      | Found a staircase to the Lair.
  6865 | D:10     | Entered Level 10 of the Dungeon
  6905 | D:10     | Noticed Harold
  6919 | D:10     | Killed Harold
  6932 | D:10     | Gained mutation: You tend to lose your temper in combat. [potion of mutation]
  6932 | D:10     | Gained mutation: Your body is slowly deteriorating. [potion of mutation]
  6932 | D:10     | Gained mutation: You expend magic power (3 MP) to slightly strengthen your wands. [potion of mutation]
  7124 | D:10     | Identified a scroll of acquirement
  7379 | D:10     | Found Dysem's General Store.
  7385 | D:10     | Bought a scroll of blinking for 97 gold pieces
  7385 | D:10     | Bought a +0 pair of boots for 58 gold pieces
  7403 | D:10     | Noticed a hill giant
  7412 | D:10     | Killed a hill giant
  7762 | D:11     | Noticed Nergalle
  7771 | D:11     | Killed Nergalle
  7810 | D:11     | Noticed Kostja's ghost (powerful VSEn)
  7831 | D:11     | Noticed SaintRoka's ghost (powerful HOCj)
  7834 | D:11     | Found a staircase to the Orcish Mines.
  7835 | D:11     | Acquired the Shining One's third power
  7894 | D:11     | Acquired the Shining One's fourth power
  7898 | D:11     | Killed Kostja's ghost
  7898 | D:11     | Reached skill level 12 in Armour
  7898 | D:11     | Reached XP level 11. HP: 51/95 MP: 3/11
  7966 | D:11     | Killed SaintRoka's ghost
  7989 | D:11     | Noticed a hill giant
  7994 | D:11     | Killed a hill giant
  8388 | Orc:1    | Entered Level 1 of the Orcish Mines
  8388 | Orc:1    | Found Ythuamim's General Store.
  8798 | Orc:1    | Bought a potion of flight for 39 gold pieces
  8798 | Orc:1    | Bought a scroll of enchant weapon for 97 gold pieces
  9311 | Orc:2    | Found a bloodstained altar of Trog.
  9598 | Orc:3    | Reached skill level 5 in Dodging
  9957 | Orc:3    | Noticed a stone giant
  9976 | Orc:3    | HP: 3/97 [stone giant (32)]
  9993 | Orc:2    | Annihilated by a stone giant

Action                   |  1- 3 |  4- 6 |  7- 9 | 10-12 || total
-------------------------+-------+-------+-------+-------++-------
Melee: Trident           |   105 |   227 |   175 |       ||   507
       Halberd           |       |       |   190 |   519 ||   709
Throw: Stone             |       |    16 |    30 |       ||    46
Invok: Divine Shield     |       |       |       |     5 ||     5
Evoke: Wand              |       |       |       |     4 ||     4
  Use: Potion            |       |     3 |     1 |    14 ||    18
       Scroll            |       |       |     2 |    15 ||    17
 Stab: Distracted        |       |     1 |       |       ||     1
  Eat: Chunk             |     1 |     6 |     9 |    16 ||    32
       Beef jerky        |       |       |     1 |       ||     1
       Royal jelly       |       |       |     1 |       ||     1
